 Dungeon Crawl Stone Soup version 0.27.0-1-g7a089689b8 (webtiles) character file.

Game seed: 7650527801173420541

1210 SnakkuSnakku7 the Spear-Bearer (level 8, -3/60 HPs)
             Began as a Merfolk Necromancer on Aug 7, 2021.
             Slain by a gnoll (11 damage)
             ... on level 5 of the Dungeon.
             The game lasted 00:08:13 (5614 turns).

SnakkuSnakku7 the Spear-Bearer (MfNe)               Turns: 5614, Time: 00:08:14

Health: -3/60      AC:  6    Str:  9    XL:     8   Next: 45%
Magic:  11/11      EV:  9    Int: 14    God:
Gold:   299        SH:  0    Dex: 22    Spells: 10/11 levels left

rFire    . . .     SeeInvis .   a - +0 halberd
rCold    . . .     Faith    .   (shield currently unavailable)
rNeg     . . .     Spirit   .   r - +0 scale mail
rPois    .         Reflect  .   (no helmet)
rElec    .         Harm     .   (no cloak)
rCorr    .         Rampage  .   (no gloves)
Will     .....                  (no boots)
Stlth    +.........             (no amulet)
HPRegen  0.20/turn              k - +6 ring of dexterity
MPRegen  0.12/turn              (no ring)

@: no status effects
A: (nimble swimmer 2), mertail
a: no special abilities


You were on level 5 of the Dungeon.
You visited 1 branch of the dungeon, and saw 5 of its levels.

You collected 299 gold pieces.

Inventory:

Hand Weapons
 a - a +0 halberd (weapon)
 c - a +0 short sword
Missiles
 t - 5 curare-tipped darts (quivered)
Armour
 f - a +0 ring mail
 h - a +0 robe
 r - a +0 scale mail (worn)
Jewellery
 k - a +6 ring of dexterity (left hand)
Wands
 x - a wand of flame (20)
Scrolls
 d - 2 scrolls of magic mapping
 g - a scroll of noise {unknown}
 i - a scroll of fog {unknown}
 j - 3 scrolls of teleportation
 n - 3 scrolls of identify {unknown}
 o - a scroll of blinking {unknown}
 p - a scroll of vulnerability {unknown}
 q - a scroll of torment {unknown}
 s - 5 scrolls of fear {unknown}
 v - a scroll of holy word {unknown}
Potions
 b - a potion of lignification {unknown}
 e - a potion of cancellation {unknown}
 l - 2 potions of attraction {unknown}
 m - 3 potions of curing {unknown}
 u - a potion of heal wounds
 w - a potion of might {unknown}


   Skills:
 - Level 4.1 Fighting
 + Level 12.3 Polearms
 - Level 2.6 Dodging
 - Level 2.1 Stealth
 - Level 2.0 Spellcasting
 - Level 3.2 Necromancy


You had 10 spell levels left.
You knew the following spells:

 Your Spells              Type           Power      Damage    Failure   Level
a - Pain                  Necr           40%        1d6       47%         1

Your spell library contained the following spells:

 Spells                   Type           Power      Damage    Failure   Level
 Animate Skeleton         Necr           20%        N/A       47%         1
 Vampiric Draining        Necr           5%         2d6       85%         3
 Beastly Appendage        Tmut           2%         N/A       90%         1
 Wereblood                Tmut           1%         N/A       97%         2
 Inner Flame              Hex/Fire       1%         N/A       99%         3
 Spider Form              Tmut/Pois      0%         N/A       99%         3
 Animate Dead             Necr           5%         N/A       99%         4
 Cause Fear               Hex            0%         N/A       100%        4
 Petrify                  Tmut/Erth      1%         N/A       100%        4
 Agony                    Necr           10%        N/A       100%        5
 Metabolic Englaciation   Hex/Ice        0%         N/A       100%        5
 Statue Form              Tmut/Erth      0%         N/A       100%        6
 Discord                  Hex            0%         N/A       100%        8


Dungeon Overview and Level Annotations

Branches:
Dungeon (5/15)
 Temple: D:4-7

Altars:
The Shining One

Annotations:
D:3 exclusion: water moccasin


Innate Abilities, Weirdness & Mutations

((You are quick and stealthy near water. (Stealth+, EV+, Speed+++)))
Your lower body shifts to a powerful aquatic tail in water.


Message History

You kill the gnoll!
You hit the gnoll shaman.
The gnoll shaman is lightly wounded.
The gnoll shaman barely misses you.
You hit the gnoll shaman.
The gnoll shaman is moderately wounded.
The gnoll shaman hits you with a +0 whip!
You are too injured to fight recklessly!
You are too injured to fight recklessly!
You are too injured to fight recklessly!
You are too injured to fight recklessly!
You slash the gnoll shaman!
The gnoll shaman is severely wounded.
You barely miss the gnoll shaman.
The gnoll shaman is severely wounded.
The gnoll shaman hits you but does no damage.
You puncture the gnoll shaman!
You kill the gnoll shaman!
Your scale mail prevents you from hitting the gnoll.
The gnoll hits you with a +0 flail! The gnoll hits you with a +0 flail.
* * * LOW HITPOINT WARNING * * *
You puncture the gnoll!
The gnoll is almost dead.
The gnoll closely misses you.
You closely miss the gnoll.
The gnoll is almost dead.
The gnoll closely misses you.
You closely miss the gnoll.
The gnoll is almost dead.
The gnoll closely misses you. The gnoll hits you but does no damage.
You hit the gnoll but do no damage.
The gnoll is almost dead.
The gnoll hits you with a +0 flail!
* * * LOW HITPOINT WARNING * * *
You hit the gnoll.
You kill the gnoll!
You closely miss the gnoll. The gnoll hits you with a +0 flail.
* * * LOW HITPOINT WARNING * * *
You closely miss the gnoll. The gnoll hits you with a +0 flail!
You die...

#.# #.# ##### #.#
..... #.#
#######..># #.#
#.........+ #.#
#.#####...# #g#
#.....#.... #@#
#######....... #.#
#...# #..#.... #.#
#...###..#.... #.#
#........#....
###.###....##>##..#.
#...................
#######....#..##..#.
#....#..##.##.
#....#........


You could see a gnoll.

Vanquished Creatures
  A sky beast (D:5)
  An ice beast (D:5)
  A necrophage (D:5)
  4 ogres
  A scorpion (D:5)
  A bullfrog zombie (D:5)
  A gnoll shaman (D:5)
  2 hounds
  A centaur skeleton (D:5)
  A bullfrog skeleton (D:5)
  2 iguanas (D:5)
  2 orc wizards (D:5)
  A howler monkey zombie (D:5)
  10 gnolls
  5 adders
  4 worms
  5 dart slugs
  4 orcs (D:5)
  4 ball pythons
  8 bats
  2 endoplasms
  8 giant cockroaches
  13 hobgoblins
  11 jackals
  6 quokkas
  5 frilled lizards
  8 goblins
  4 kobolds
  6 rats
122 creatures vanquished.

Notes
Turn   | Place    | Note
-------+----------+-------------------------------------------
     0 | D:1      | SnakkuSnakku7 the Merfolk Necromancer began the quest for
                  | the Orb.
     0 | D:1      | Reached XP level 1. HP: 13/13 MP: 3/3
    31 | D:1      | Found a faded altar of an unknown god.
   107 | D:1      | Reached skill level 1 in Fighting
   153 | D:1      | Reached XP level 2. HP: 12/22 MP: 1/5
   484 | D:1      | Reached XP level 3. HP: 14/28 MP: 2/6
   891 | D:2      | Found a glowing golden altar of the Shining One.
  1337 | D:2      | Reached XP level 4. HP: 7/37 MP: 4/7
  1661 | D:2      | Reached skill level 1 in Polearms
  1945 | D:2      | Reached skill level 2 in Polearms
  2232 | D:2      | Reached skill level 3 in Polearms
  2470 | D:3      | Noticed a water moccasin
  2536 | D:3      | Reached XP level 5. HP: 42/42 MP: 8/8
  2968 | D:3      | Reached skill level 4 in Polearms
  3909 | D:4      | Noticed an ogre
  3920 | D:4      | Killed an ogre
  3921 | D:4      | Reached skill level 6 in Polearms
  3921 | D:4      | Reached XP level 6. HP: 22/48 MP: 9/9
  3947 | D:4      | Reached skill level 7 in Polearms
  4013 | D:4      | Reached skill level 8 in Polearms
  4046 | D:4      | Reached XP level 7. HP: 9/54 MP: 10/10
  4573 | D:5      | Entered Level 5 of the Dungeon
  4589 | D:5      | Reached skill level 9 in Polearms
  5013 | D:5      | Reached skill level 10 in Polearms
  5085 | D:5      | Reached XP level 8. HP: 41/60 MP: 11/11
  5162 | D:5      | Reached skill level 11 in Polearms
  5408 | D:5      | Reached skill level 12 in Polearms
  5614 | D:5      | Slain by a gnoll

Illustrated notes

Levels and vault maps discovered:
D:1:      eino_arrival_tree_alley, layout_rooms, ebering_ecumenical_altar_box
D:2:      layout_loops_corners, basic_altar, corexii_item_surrounded_by_moat,
          minivault_23, minmay_pentomino_s4
D:3:      minmay_inner_zag, layout_basic
D:4:      layout_basic
D:5:      layout_basic, chequers_serial_rivers_small_3

Skill      XL: |  1  2  3  4  5  6  7  8 |
---------------+-------------------------+-----
Fighting       | 1 2 3 4 |  4.1
Polearms       | 3 6 8 10 12 | 12.3
Dodging        | |  2.6
Stealth        | |  2.1
Spellcasting   | |  2.0
Necromancy     | |  3.2

Action                   |  1- 3 |  4- 6 |  7- 9 || total
-------------------------+-------+-------+-------++-------
Melee: Unarmed           |     4 |       |       ||     4
       Short sword       |    68 |     1 |       ||    69
       Halberd           |       |   163 |   189 ||   352
Throw: Dart              |       |     6 |     2 ||     8
 Cast: Pain              |    34 |     5 |       ||    39
  Use: Scroll            |       |     2 |       ||     2
       Potion            |       |     1 |       ||     1
 Stab: Sleeping          |     1 |    15 |     1 ||    17
Armor: Robe              |    18 |    19 |       ||    37
       Scale mail        |       |    15 |    66 ||    81
Dodge: Dodged            |    74 |    78 |    80 ||   232
